[Event "Stockholm Chess Challenge 2019"]
[Site "Stockholm"]
[Date "2019.04.29"]
[Round "6.8"]
[White "Kvaloy, Aksel Bu"]
[Black "Wernberg, Hugo"]
[Result "1-0"]
[ECO "A36"]
[WhiteElo "2138"]
[BlackElo "2009"]
[Annotator "NA RC"]
[PlyCount "47"]
[EventDate "2019.04.26"]
[EventType "swiss"]
[EventCountry "SWE"]
[SourceTitle "playchess.com"]
[Source "ChessBase"]
[SourceQuality "1"]
[TimeControl "40/5400+30:900+30"]

1. c4 c5 2. g3 g6 3. Bg2 Bg7 4. Nc3 Nc6 5. d3 d6 6. e3 Bxc3+ 7. bxc3 Qd7 8. Ne2 b6 9. O-O Bb7 10. e4 O-O-O 11. Nf4 e6 12. a4 Nge7 13. Qe2 Rdg8 14. Rd1 h5 15. h4 Na5 16. Be3 Nec6 17. d4 Qe7 18. d5 Nd8 19. Bh3 Kc7 20. e5 exd5 21. Nxd5+ Bxd5 22. exd6+ Qxd6 23. Bf4 Qxf4 24. Qe7+ 1-0

[Event "Stockholm Chess Challenge 2019"]
[Site "Stockholm"]
[Date "2019.04.30"]
[Round "7.3"]
[White "Siddharth, Jagadeesh"]
[Black "Seo, Jung Min"]
[Result "1-0"]
[ECO "A40"]
[WhiteElo "2132"]
[BlackElo "2386"]
[Annotator "NA"]
[PlyCount "117"]
[EventDate "2019.04.26"]
[EventType "swiss"]
[EventCountry "SWE"]
[SourceTitle "playchess.com"]
[Source "ChessBase"]
[SourceQuality "1"]
[TimeControl "40/5400+30:900+30"]

1. d4 Nf6 2. c4 e6 3. g3 c5 4. Nf3 cxd4 5. Nxd4 Bc5 (5... d5 6. Bg2 e5 7. Nb3 d4 8. O-O Nc6 9. Bg5 Be7 10. e3 Bg4 11. Qd2 O-O 12. exd4 exd4 13. Bxc6 bxc6 14. Qxd4 Qc8 15. Re1 Rd8 16. Qe3 {½-½ (26) Li,C (2732)-Dubov,D (2696) Liaocheng 2018}) 6. Nb3 {[%emt 0:01:05] A32: Symmetrical English: 2 Nf3 Nf6 3 d4 cxd4 4 Nxd4 e6} Be7 7. Bg2 Qc7 8. N3d2 Nc6 9. O-O b6 10. Nc3 Bb7 11. b3 O-O 12. Bb2 a6 $146 ({Predecessor:} 12... Rac8 13. Rc1 {0-1 (29) Schuster,B-Richter,M Passau 1995}) 13. Qc2 Nb4 14. Qd1 Bxg2 15. Kxg2 b5 16. a3 Qb7+ 17. f3 Nc6 18. e4 Rfd8 19. cxb5 axb5 20. Qe2 Nd4 21. Qd3 e5 22. Ne2 Nc6 23. Nc3 b4 24. axb4 Nxb4 25. Qe2 Nc2 26. Rxa8 Rxa8 27. Qd3 Nb4 28. Qe2 h6 29. Ra1 Rc8 30. Nc4 Nc6 31. Nd5 Bc5 32. Nxf6+ gxf6 33. Qd3 Rb8 34. Ba3 Bxa3 35. Rxa3 Nd4 36. Nd2 Rc8 37. Nc4 Rb8 38. Nd2 Kg7 39. Ra5 Rc8 40. Rd5 Qb4 41. Nc4 Ra8 42. f4 Ra2+ 43. Kh3 $15 Qe1 44. fxe5 Qf2 $2 (44... fxe5 $11 45. Nxe5 d6) 45. exf6+ ({Not} 45. Rxd4 $2 Qxh2+ 46. Kg4 h5+ 47. Kf4 Qf2+ 48. Qf3 Qxd4 $19) 45... Kg8 46. Qxd4 Qxh2+ 47. Kg4 Qe2+ 48. Kf4 Qf1+ 49. Ke5 Qh3 50. Rxd7 Ra6 51. Rd8+ Kh7 52. Kd5 Qe6+ 53. Kc5 Ra7 54. Kb4 Qa6 55. Rd7 Ra8 56. Rxf7+ Kh8 57. Qd6 Qc8 58. Rc7 Qb8+ 59. Kc3 1-0

[Event "Stockholm Chess Challenge 2019"]
[Site "Stockholm"]
[Date "2019.04.30"]
[Round "7.6"]
[White "Dev, Shah"]
[Black "Savitha Shri B"]
[Result "1/2-1/2"]
[ECO "E85"]
[WhiteElo "2020"]
[BlackElo "1895"]
[Annotator "NA"]
[PlyCount "86"]
[EventDate "2019.04.26"]
[EventType "swiss"]
[EventCountry "SWE"]
[SourceTitle "playchess.com"]
[Source "ChessBase"]
[SourceQuality "1"]
[TimeControl "40/5400+30:900+30"]

1. d4 Nf6 2. c4 g6 3. Nc3 Bg7 4. e4 d6 5. f3 O-O 6. Be3 e5 7. Nge2 Nbd7 8. d5 Ne8 9. Qd2 Nb6 10. b3 Qe7 11. O-O-O c6 12. Kb1 f5 13. Nc1 c5 14. h3 f4 15. Bf2 a5 16. a3 Bd7 17. h4 Nf6 18. Bd3 Nh5 19. N3e2 Nc8 20. Na2 Qf6 21. Rdf1 Na7 22. Nac3 Rf7 23. Ka2 Rb8 24. Nb5 Nxb5 25. cxb5 b6 26. Ra1 Rc8 27. Rhc1 Be8 28. Kb1 Rfc7 29. a4 Qe7 30. Qe1 Bf6 31. Ra2 Qd8 32. Rd1 Rf7 33. Qh1 Kh8 34. Qh2 Be7 35. Rg1 Bd7 36. Rc2 Qc7 37. Rcc1 Rcf8 38. Rcf1 Qd8 39. Be1 Bc8 40. Rh1 Bd7 41. Qg1 Bc8 42. Qf2 Bd7 43. Qg1 Bc8 1/2-1/2

[Event "Stockholm Chess Challenge 2019"]
[Site "Stockholm"]
[Date "2019.04.30"]
[Round "7.7"]
[White "Kenneskog, Theodor"]
[Black "Crevatin, Leo"]
[Result "1-0"]
[ECO "D31"]
[WhiteElo "2306"]
[BlackElo "2208"]
[Annotator "NA"]
[PlyCount "83"]
[EventDate "2019.04.26"]
[EventType "swiss"]
[EventCountry "SWE"]
[SourceTitle "playchess.com"]
[Source "ChessBase"]
[SourceQuality "1"]
[TimeControl "40/5400+30:900+30"]

1. d4 d5 2. c4 e6 3. Nc3 c6 4. Nf3 dxc4 5. a4 Bb4 6. e3 b5 7. Bd2 a5 8. axb5 Bxc3 9. Bxc3 cxb5 10. b3 Bb7 11. bxc4 b4 12. Bb2 Nf6 13. Bd3 O-O 14. O-O Nbd7 15. Nd2 Qc7 16. f4 a4 17. Rb1 Rfd8 18. Qe2 Nb6 19. e4 b3 20. Ra1 Qe7 21. e5 Ne8 22. Ba3 Qc7 23. Qe3 Rac8 24. f5 Qc6 25. Be4 Nxc4 26. Qh3 Qxe4 27. Nxe4 Bxe4 28. fxe6 f5 29. exf6 Nxf6 30. e7 Re8 31. Qe6+ Kh8 32. Rxf6 gxf6 33. Qxf6+ Kg8 34. Qe6+ Kh8 35. Rc1 Bd3 36. d5 Rb8 37. Rxc4 b2 38. Bxb2+ Rxb2 39. Qf6+ Kg8 40. Rg4+ Bg6 41. Rxg6+ hxg6 42. Qxg6+ 1-0

[Event "Stockholm Chess Challenge 2019"]
[Site "Stockholm"]
[Date "2019.04.30"]
[Round "7.8"]
[White "Wernberg, Hugo"]
[Black "Jeferli, MohammedAli"]
[Result "1/2-1/2"]
[ECO "C00"]
[WhiteElo "2009"]
[BlackElo "1881"]
[Annotator "NA"]
[PlyCount "44"]
[EventDate "2019.04.26"]
[EventType "swiss"]
[EventCountry "SWE"]
[SourceTitle "playchess.com"]
[Source "ChessBase"]
[SourceQuality "1"]
[TimeControl "40/5400+30:900+30"]

1. e4 e6 2. d4 d5 3. Bd3 Nf6 4. e5 Nfd7 5. c3 c5 6. Ne2 Qb6 7. Nd2 Nc6 8. Nf3 cxd4 9. cxd4 Bb4+ 10. Bd2 f6 11. exf6 Nxf6 12. O-O O-O 13. Bf4 Be7 14. Rc1 Bd7 15. Ne5 Rac8 16. Bg5 Nxe5 17. dxe5 Ng4 18. Rxc8 Bxc8 19. Bxe7 Rxf2 20. Nd4 Rxf1+ 21. Bxf1 Nxe5 22. Kh1 Qxb2 1/2-1/2

[Event "Stockholm Chess Challenge 2019"]
[Site "Stockholm"]
[Date "2019.05.01"]
[Round "8.4"]
[White "Seo, Jung Min"]
[Black "Kenneskog, Theodor"]
[Result "1/2-1/2"]
[ECO "D77"]
[WhiteElo "2386"]
[BlackElo "2306"]
[Annotator "NA"]
[PlyCount "94"]
[EventDate "2019.04.26"]
[EventType "swiss"]
[EventCountry "SWE"]
[SourceTitle "playchess.com"]
[Source "ChessBase"]
[SourceQuality "1"]
[TimeControl "40/5400+30:900+30"]

1. d4 Nf6 2. c4 g6 3. Nf3 Bg7 4. g3 O-O 5. Bg2 d5 6. O-O Nc6 7. Nbd2 a5 8. b3 dxc4 (8... Ne4 $11) 9. Nxc4 Be6 10. Bb2 Bd5 11. Rc1 a4 12. bxa4 Ra6 13. a3 Qa8 14. a5 {[%emt 0:00:56] D77: Fianchetto Grünfeld: 6 0-0: Replies other than 6...c6} (14. Ne3 Be4 15. d5 Rd8 16. Bxf6 Bxf6 17. Nd2 Bxg2 18. Kxg2 Ne5 19. Rxc7 Rxa4 20. Qb3 Rxa3 21. Qxb7 Qxb7 22. Rxb7 {½-½ (43) Huzman,A (2552)-Dvoirys,S (2552) Jerusalem 2017}) 14... Rc8 15. Ne3 Be4 16. Ne5 $146 ({Predecessor:} 16. d5 Nxa5 17. Bh3 Rd8 18. Bxf6 Bxf6 19. Rxc7 b5 20. Nd4 Bxd5 21. Rc8 Rxc8 22. Bxc8 Rb6 23. Ndf5 e6 24. Nh6+ Kg7 25. Nhg4 Bc3 {0-1 (25) Symersky,P (2000)-Travnik,P (2145) Czech Republic 2000}) 16... Bxg2 17. Nxg2 Rxa5 18. Nxc6 bxc6 19. Bc3 Ra4 20. Ne1 Nd5 21. Bb2 Rb8 22. Rc2 c5 23. Rxc5 Rxb2 24. Rxd5 Rxa3 25. Rd7 Ra1 26. Rd8+ Qxd8 27. Qxa1 Rxe2 28. Nf3 Qd5 29. Kg2 g5 30. Qa6 Qe4 31. Qc8+ Bf8 32. g4 e6 33. Qxc7 h5 34. Qe5 Qxg4+ 35. Qg3 Qxg3+ 36. hxg3 g4 37. Ne5 Bg7 38. Nc6 Rd2 39. Rh1 Bxd4 40. Nxd4 Rxd4 41. Rxh5 Kg7 42. Rh1 Rd2 43. Re1 Kg6 44. Re4 Kg5 45. Re5+ Kg6 46. Re4 Kg5 $11 47. Rd4 Rxd4 1/2-1/2

[Event "Stockholm Chess Challenge 2019"]
[Site "Stockholm"]
[Date "2019.05.01"]
[Round "8.5"]
[White "Savitha Shri B"]
[Black "Siddharth, Jagadeesh"]
[Result "0-1"]
[ECO "B30"]
[WhiteElo "1895"]
[BlackElo "2132"]
[Annotator "NA"]
[PlyCount "96"]
[EventDate "2019.04.26"]
[EventType "swiss"]
[EventCountry "SWE"]
[SourceTitle "playchess.com"]
[Source "ChessBase"]
[SourceQuality "1"]
[TimeControl "40/5400+30:900+30"]

1. e4 c5 2. Nf3 Nc6 3. Nc3 e5 4. Bc4 d6 5. d3 Be7 6. Nd5 Nf6 7. O-O Nxd5 8. Bxd5 O-O 9. c3 Bg4 10. Be3 Qd7 11. h3 Bh5 12. Nxe5 Nxe5 13. Qxh5 Nxd3 14. Rfd1 Nxb2 15. Rdb1 Na4 16. Rxb7 Qd8 17. Qg4 Nb6 18. Rb1 Rb8 19. Rxb8 Qxb8 20. Bb3 Bf6 21. Bg5 Qd8 22. h4 Qe7 23. Rd1 Re8 24. Bxf6 Qxf6 25. Qg3 c4 26. Bc2 Re6 27. f4 Qe7 28. Qg5 f6 29. Qb5 g6 30. a4 f5 31. a5 Nd7 32. e5 Nf8 33. Qxc4 dxe5 34. Bb3 Kg7 35. Qb5 a6 36. Qb4 Qa7+ 37. Kh1 Re8 38. Qc4 exf4 39. Qxf4 Re4 40. Qg3 Qe7 41. Rd4 Re3 42. Qd6 Re1+ 43. Kh2 Qe3 44. Rd3 Qg1+ 45. Kh3 Re4 46. Qd5 Qh1+ 47. Kg3 Qxh4+ 48. Kf3 Qf4# 0-1

[Event "Stockholm Chess Challenge 2019"]
[Site "Stockholm"]
[Date "2019.05.01"]
[Round "8.6"]
[White "Trost, Edvin"]
[Black "Jogstad, Martin"]
[Result "0-1"]
[ECO "C16"]
[WhiteElo "2075"]
[BlackElo "2267"]
[Annotator "NA"]
[PlyCount "104"]
[EventDate "2019.04.26"]
[EventType "swiss"]
[EventCountry "SWE"]
[SourceTitle "playchess.com"]
[Source "ChessBase"]
[SourceQuality "1"]
[TimeControl "40/5400+30:900+30"]

1. e4 e6 2. d4 d5 3. Nc3 Bb4 4. e5 b6 5. a3 Bf8 6. f4 Ne7 7. Be3 {[%emt 0:04:37] C16: French: 3 Nc3 Bb4 4 e5: Lines without ...c5} h5 8. Nf3 Nf5 9. Bf2 Ba6 10. Bxa6 Nxa6 11. Qd3 Nb8 12. Ne2 (12. O-O-O c5 13. dxc5 bxc5 14. Qb5+ Qd7 15. Nh4 {½-½ (48) Ninov,N (2435)-Sequera Paolini,J (2413) Rochefort 2015}) 12... c5 $146 ({Predecessor:} 12... Qd7 13. c4 c6 14. Rc1 {1-0 (31) Akhmetov,A (2093)-Ruiz Castillo,J (2096) Kayseri 2010}) 13. c3 Nc6 14. O-O Rc8 15. g3 Be7 16. Kg2 Qd7 17. h3 Nh6 18. Rh1 c4 19. Qc2 Kd8 20. Qd1 Kc7 21. Nh2 Kb7 22. g4 (22. Nf3 $15) 22... hxg4 23. hxg4 Rcg8 24. Be3 g5 25. Kf3 $2 (25. fxg5 $17 {is a better defense.} Bxg5 26. Bxg5 Rxg5 27. Qd2) 25... f5 26. fxg5 Bxg5 27. gxf5 Nxf5 28. Bxg5 Rxg5 29. Kf2 Rg2+ 30. Kxg2 Ne3+ 31. Kf2 Nxd1+ 32. Raxd1 Qh7 33. Nf3 Qxh1 34. Rxh1 Rxh1 35. Nf4 Nd8 36. Ng5 Rb1 37. Nfxe6 Nxe6 38. Nxe6 Rxb2+ 39. Ke3 Rc2 40. Kf4 Rxc3 41. Ng5 Rc1 (41... Kc6 $142 42. Nf3 Rxa3) 42. Kf5 Rf1+ 43. Nf3 Rxf3+ {[%emt 0:00:13] Double Attack} 44. Kg4 Re3 45. e6 c3 46. e7 Rxe7 47. a4 c2 48. a5 c1=Q 49. a6+ Kxa6 50. Kf5 Re2 51. Kg4 Qf1 52. Kg3 Rg2+ 0-1

[Event "Stockholm Chess Challenge 2019"]
[Site "Stockholm"]
[Date "2019.05.01"]
[Round "8.7"]
[White "Crevatin, Leo"]
[Black "Dev, Shah"]
[Result "1-0"]
[ECO "D10"]
[WhiteElo "2208"]
[BlackElo "2020"]
[Annotator "NA"]
[PlyCount "120"]
[EventDate "2019.04.26"]
[EventType "swiss"]
[EventCountry "SWE"]
[SourceTitle "playchess.com"]
[Source "ChessBase"]
[SourceQuality "1"]
[TimeControl "40/5400+30:900+30"]

1. d4 d5 2. c4 c6 3. cxd5 cxd5 4. Bf4 Nf6 5. e3 Nc6 6. Nc3 a6 7. Be2 e6 {[%emt 0:04:03] D10: Slav Defence: 3 cxd5 (without early Nf3) and 3 Nc3} 8. Rc1 Bd6 (8... Be7 9. h3 O-O 10. Nf3 b5 11. O-O Bb7 12. Bd3 Rc8 13. Qe2 Qa5 14. a3 b4 15. axb4 Nxb4 {1-0 (75) Li,C (2732)-Duda,J (2724) Liaocheng 2018}) 9. Bxd6 Qxd6 10. f4 O-O 11. Nf3 Nd7 $146 ({Predecessor:} 11... b5 12. O-O Bd7 13. Ne5 Na5 14. b3 b4 15. Nxd7 Nxd7 {1-0 (49) Michalik,P (2549)-Jirka,J (2424) Czech Republic 2017}) 12. O-O f6 13. Bd3 b5 14. Qc2 f5 {[%emt 0:11:37] [#]} 15. Nxb5 $1 {[%emt 0:05:07] Discovered Attack} axb5 16. Qxc6 Qxc6 17. Rxc6 Nb8 18. Rb6 Nd7 19. Rd6 Rxa2 20. Bxb5 Nf6 21. Rb1 Ng4 22. Ng5 Nxe3 23. Nxe6 Bxe6 24. Rxe6 Nc2 25. Rd6 Nxd4 26. Rxd5 Nxb5 27. Rxb5 Ra4 28. g3 Rd4 29. Re1 Rd2 30. Rf1 Rc8 31. Rf2 Rcc2 32. Rxd2 Rxd2 33. Rb7 h6 $2 {[%emt 0:00:32] [#]} (33... Rd1+ $1 $11 {and Black is okay.} 34. Kg2 Rd2+ 35. Kh3 h6) 34. b4 (34. h4 $1 $18) 34... Kh7 {[%emt 0:00:14] [#]} ({Better is} 34... Rd1+ $1 $14 35. Kf2 Rd2+ 36. Ke3 Rxh2) 35. b5 (35. h3 $1 $18) 35... Kg6 36. b6 Rb2 37. Rb8 Kh7 38. h3 Kg6 39. Kf1 Kf7 40. Ke1 Kg6 $2 (40... Ke6 $16) 41. Kd1 Rg2 42. Rd8 Rb2 43. Rd6+ Kh5 44. Kc1 Rb5 45. Kc2 g5 46. Kc3 g4 47. hxg4+ fxg4 48. f5 Rxf5 49. Kc4 Rf8 50. Kc5 Rf3 51. b7 Rc3+ 52. Kb4 Rc1 53. Rd3 Rb1+ 54. Rb3 Rxb3+ 55. Kxb3 Kg6 56. b8=Q Kg5 57. Qf4+ Kg6 58. Qxg4+ Kh7 59. Qf5+ Kh8 60. Qd7 h5 1-0

[Event "Stockholm Chess Challenge 2019"]
[Site "Stockholm"]
[Date "2019.05.01"]
[Round "8.8"]
[White "Ojas Kulkarni"]
[Black "Wernberg, Hugo"]
[Result "1/2-1/2"]
[ECO "A30"]
[WhiteElo "2240"]
[BlackElo "2009"]
[Annotator "NA"]
[PlyCount "66"]
[EventDate "2019.04.26"]
[EventType "swiss"]
[EventCountry "SWE"]
[SourceTitle "playchess.com"]
[Source "ChessBase"]
[SourceQuality "1"]
[TimeControl "40/5400+30:900+30"]

1. c4 c5 2. b3 Nc6 3. Bb2 e5 4. Nc3 d6 5. g3 g6 6. Bg2 {[%emt 0:00:26] A30: Symmetrical English: Double Fianchetto and Hedgehog} Bg7 7. d3 (7. e3 Bf5 8. Nge2 Nge7 9. O-O O-O 10. Ne4 Qd7 11. f4 Rad8 12. d3 b6 13. N2c3 {1-0 (36) Vachier Lagrave,M (2780)-Tari,A (2625) Caleta 2019}) 7... Nf6 8. e3 Be6 9. Nd5 $146 ({Predecessor:} 9. Nge2 d5 10. O-O O-O 11. a3 Rc8 {0-1 (45) Chomet,P (2275)-Bruneau,L Paris 1992}) 9... Bxd5 10. cxd5 Qa5+ 11. Qd2 Nb4 12. Bc3 Qb5 13. Bxb4 cxb4 14. e4 Nd7 15. Rc1 Nc5 16. Rc4 a5 17. Ne2 a4 18. Nc1 axb3 19. axb3 O-O 20. O-O Ra1 21. Qxb4 Qxb4 22. Rxb4 Rb8 23. Ne2 Ra3 24. Rb6 Ra6 25. Rb5 Nxd3 26. Nc3 Nc5 27. Rb1 Bh6 28. Na4 $11 Nxa4 29. bxa4 Rxa4 30. Rxb7 Rxb7 31. Rxb7 Bc1 32. Rb1 Ba3 33. Ra1 Ra5 1/2-1/2

[Event "Stockholm Chess Challenge 2019"]
[Site "Stockholm"]
[Date "2019.05.01"]
[Round "9.3"]
[White "Seo, Jung Min"]
[Black "Sorensen, Hampus"]
[Result "1/2-1/2"]
[ECO "D30"]
[WhiteElo "2386"]
[BlackElo "2319"]
[Annotator "NA"]
[PlyCount "83"]
[EventDate "2019.04.26"]
[EventType "swiss"]
[EventCountry "SWE"]
[SourceTitle "playchess.com"]
[Source "ChessBase"]
[SourceQuality "1"]
[TimeControl "40/5400+30:900+30"]

1. d4 d5 2. c4 e6 3. Nf3 a6 4. cxd5 exd5 5. Nc3 h6 6. Bf4 Nf6 7. e3 Bd6 8. Bxd6 Qxd6 9. Qc2 O-O 10. Rc1 Bg4 11. Be2 Bxf3 12. Bxf3 c6 13. O-O Nbd7 14. Rfd1 Rfd8 15. a3 a5 16. Na4 Qe7 17. Qd2 Ne8 18. Be2 Nd6 19. b3 Re8 20. Bd3 f5 21. Nc5 Nf6 22. Qc2 Nfe4 23. Re1 g6 24. f3 Nf6 25. Bf1 Nd7 26. a4 Nxc5 27. dxc5 Nf7 28. Bd3 Ne5 29. Bf1 Qf6 30. Rcd1 Re6 31. e4 fxe4 32. fxe4 Rae8 33. Qd2 Qe7 34. Qxa5 Ng4 35. h3 Nf6 36. Bd3 Kh7 37. Qb4 Re5 38. Rf1 Nxe4 39. Bxe4 Rxe4 40. Rd4 Qg7 41. Rxe4 Rxe4 42. Qd2 1/2-1/2

[Event "Stockholm Chess Challenge 2019"]
[Site "Stockholm"]
[Date "2019.05.01"]
[Round "9.5"]
[White "Crevatin, Leo"]
[Black "Ojas Kulkarni"]
[Result "1/2-1/2"]
[ECO "A50"]
[WhiteElo "2208"]
[BlackElo "2240"]
[Annotator "NA"]
[PlyCount "64"]
[EventDate "2019.04.26"]
[EventType "swiss"]
[EventCountry "SWE"]
[SourceTitle "playchess.com"]
[Source "ChessBase"]
[SourceQuality "1"]
[TimeControl "40/5400+30:900+30"]

1. d4 Nf6 2. c4 b6 3. f3 d6 4. Nc3 e5 5. d5 Be7 6. e4 Nbd7 7. Be3 Nh5 8. Qd2 h6 9. g3 Bg5 10. O-O-O Bxe3 11. Qxe3 Qg5 12. Qxg5 hxg5 13. Bh3 Nf8 14. Bxc8 Rxc8 15. Nge2 Ng6 16. Kd2 Kd7 17. Rdf1 Rh6 18. Nd1 Nf6 19. Ne3 Rch8 20. Rf2 Ne7 21. Kd3 Nh5 22. Kd2 g6 23. h4 gxh4 24. Rxh4 Nf6 25. Rxh6 Rxh6 26. Ng4 Nxg4 27. fxg4 Ke8 28. Ng1 Rh1 29. Nf3 f6 30. Rh2 Rxh2+ 31. Nxh2 a5 32. a3 Kd7 1/2-1/2

[Event "Stockholm Chess Challenge 2019"]
[Site "Stockholm"]
[Date "2019.05.01"]
[Round "9.6"]
[White "Kvaloy, Aksel Bu"]
[Black "Dev, Shah"]
[Result "1/2-1/2"]
[ECO "A11"]
[WhiteElo "2138"]
[BlackElo "2020"]
[Annotator "NA"]
[PlyCount "60"]
[EventDate "2019.04.26"]
[EventType "swiss"]
[EventCountry "SWE"]
[SourceTitle "playchess.com"]
[Source "ChessBase"]
[SourceQuality "1"]
[TimeControl "40/5400+30:900+30"]

1. c4 c6 2. g3 d5 3. Nf3 Nf6 4. Bg2 Bf5 5. Qb3 Qb6 6. d3 e6 7. Be3 Qxb3 8. axb3 a6 9. Nc3 Nbd7 10. Nh4 Bg6 11. Nxg6 hxg6 12. h3 Bd6 13. O-O Ke7 14. Bg5 Rhb8 15. d4 Ke8 16. e4 dxe4 17. Nxe4 Nxe4 18. Bxe4 c5 19. d5 e5 20. g4 b5 21. Bd3 bxc4 22. Bxc4 f6 23. Bd2 f5 24. Bc3 Kf7 25. f3 Ke7 26. Rfe1 Bc7 27. Kg2 Bd6 28. Kg1 Bc7 29. Kg2 Bd6 30. Kg1 Bc7 1/2-1/2

[Event "Stockholm Chess Challenge 2019"]
[Site "Stockholm"]
[Date "2019.05.01"]
[Round "9.7"]
[White "Sivaji Baskar S"]
[Black "Trost, Edvin"]
[Result "0-1"]
[ECO "B42"]
[WhiteElo "1630"]
[BlackElo "2075"]
[Annotator "NA"]
[PlyCount "105"]
[EventDate "2019.04.26"]
[EventType "swiss"]
[EventCountry "SWE"]
[SourceTitle "playchess.com"]
[Source "ChessBase"]
[SourceQuality "1"]
[TimeControl "40/5400+30:900+30"]

1. e4 c5 2. Nf3 e6 3. d4 cxd4 4. Nxd4 a6 5. Bd3 Bc5 6. Nb3 Ba7 7. O-O d6 8. Nc3 Nf6 9. Bg5 Nbd7 10. Kh1 b5 11. f4 h6 12. Bh4 Qc7 13. a3 Bb7 14. Qe2 O-O 15. Rae1 Rfe8 16. e5 Nd5 17. Ne4 dxe5 18. fxe5 Nxe5 19. Bg3 Ne3 20. Qh5 f5 21. Rf3 Qf7 22. Qxf7+ Nxf7 23. Rfxe3 Bxe3 24. Rxe3 fxe4 25. Bxe4 Bxe4 26. Rxe4 Rad8 27. h3 Rd1+ 28. Kh2 Ng5 29. Re2 Rf8 30. h4 Rff1 31. Bb8 Nh7 32. Rxe6 Rf6 33. Re2 Kf7 34. Nc5 Kg6 35. b4 Rc6 36. Re3 Nf6 37. Rg3+ Kf7 38. Be5 Rc1 39. c3 h5 40. Rf3 Kg6 41. Bd4 Ra1 42. c4 Rd1 43. cxb5 axb5 44. Bc3 Kh6 45. Kh3 Nd5 46. Bb2 Rh1+ 47. Kg3 Rg6+ 48. Kf2 Rxh4 49. Nd7 Rc4 50. Kf1 Rc2 51. Bd4 Rgxg2 52. Rf5 Rgd2 53. Rf4 0-1

[Event "Stockholm Chess Challenge 2019"]
[Site "Stockholm"]
[Date "2019.05.01"]
[Round "9.8"]
[White "Wernberg, Hugo"]
[Black "Kucuksari, Kaan"]
[Result "0-1"]
[ECO "B41"]
[WhiteElo "2009"]
[BlackElo "2301"]
[Annotator "NA"]
[PlyCount "78"]
[EventDate "2019.04.26"]
[EventType "swiss"]
[EventCountry "SWE"]
[SourceTitle "playchess.com"]
[Source "ChessBase"]
[SourceQuality "1"]
[TimeControl "40/5400+30:900+30"]

1. e4 c5 2. Nf3 e6 3. d4 cxd4 4. Nxd4 a6 5. c4 Nf6 6. Nc3 Qc7 7. Be2 d6 8. O-O Nbd7 9. f4 b6 10. Qd3 Bb7 11. b4 Rc8 12. Bb2 Be7 13. Rac1 O-O 14. f5 Ne5 15. Qg3 Qd7 16. fxe6 fxe6 17. Qh3 Nxc4 18. Bxc4 Rxc4 19. Qxe6+ Qxe6 20. Nxe6 Rfc8 21. a3 Nxe4 22. Nxe4 Bxe4 23. Rxc4 Rxc4 24. Rc1 Bc2 25. Rf1 Bd3 26. Rf3 Bg6 27. Nf4 Bf7 28. g3 g5 29. Ng2 Bd5 30. Rc3 Rxc3 31. Bxc3 Bxg2 32. Kxg2 g4 33. a4 Kf7 34. Kf2 Bf6 35. Bd2 Ke6 36. b5 axb5 37. axb5 Kd5 38. Bb4 Bd4+ 39. Ke2 Bc5 0-1